 Dungeon Crawl Stone Soup version 0.25-a0-670-g50981ef59b (webtiles) character file.

Game seed: 4773408963298086021, levelgen mode: deterministic

2 Error4North the Magician (level 1, 0/14 HPs)
             Began as a Draconian Wizard on Mar 29, 2020.
             Slain by a jackal (2 damage)
             ... on level 1 of the Dungeon.
             The game lasted 00:01:03 (82 turns).

Error4North the Magician (Draconian Wizard)           Turns: 82, Time: 00:01:06

Health: 0/14       AC:  4    Str:  9    XL:     1   Next: 33%
Magic:  4/4        EV: 12    Int: 18    God:
Gold:   24         SH:  0    Dex:  9    Spells: 5/6 levels left

rFire    . . .     SeeInvis .   (no weapon)
rCold    . . .     Gourm    .   (no shield)
rNeg     . . .     Faith    .   (armour unavailable)
rPois    .         Spirit   .   a - +0 hat
rElec    .         Reflect  .   (no cloak)
rCorr    .         Harm     .   (no gloves)
MR       .....                  (no boots)
Stlth    ++........             (no amulet)
HPRegen  0.04/turn              (no ring)
MPRegen  0.09/turn              (no ring)

@: no status effects
A: unfitting armour, cold-blooded, AC +4
a: no special abilities


You were on level 1 of the Dungeon.
You were not hungry.

You visited 1 branch of the dungeon, and saw 1 of its levels.

You collected 24 gold pieces.

Inventory:

Armour
 a - a +0 hat (worn)
Comestibles
 b - a chunk of flesh
 c - a ration


   Skills:
 * Level 1.8 Dodging
 * Level 1.8 Stealth
 * Level 3.1 Spellcasting
 * Level 1.0 Conjurations
   Level 1.0 Summonings
   Level 1.0 Translocations


You had 5 spell levels left.
You knew the following spells:

 Your Spells              Type           Power        Failure   Level  Hunger
a - Magic Dart            Conj           #...         11%         1    None

Your spell library contained the following spells:

 Spells                   Type           Power        Failure   Level  Hunger
 Blink                    Tloc           N/A          16%         2    ##.....
 Call Imp                 Summ           #.......     16%         2    ##.....
 Slow                     Hex            #.......     24%         2    ##.....
 Conjure Flame            Conj/Fire      #.......     36%         3    ###....
 Mephitic Cloud           Conj/Pois/Air  #.......     38%         3    ###....


Dungeon Overview and Level Annotations

Branches:
Dungeon (1/15)

Altars:


Innate Abilities, Weirdness & Mutations

Your plain brown scales are hard. (AC +4)
You cannot fit into any form of body armour.
You are cold-blooded and may be slowed by cold attacks.


Message History

The jackal bites you but does no damage.
The jackal misses you.
You barely miss the jackal.
The jackal is heavily wounded.
The jackal completely misses you.
The jackal bites you but does no damage. x3
You closely miss the jackal.
The jackal is heavily wounded.
The jackal misses you. x2
The jackal bites you but does no damage.
The jackal closely misses you.
The jackal bites you but does no damage.
You barely miss the jackal.
The jackal is heavily wounded.
The jackal closely misses you.
The jackal bites you but does no damage.
The jackal bites you.
* * * LOW HITPOINT WARNING * * *
The jackal bites you.
You die...
P..♣♣♣. ...P.PP.......PP...PP .......h.............
PP...

P...)...P.P.. ♣.h. ♣...♣
♣P..♣ .. ♣..P ♣P.P♣ ♣..P♣
♣P...
.♣♣♣P.P♣♣♣P..♣♣♣P.P♣♣♣P...
PPP.P..hP@P.P..(P.P.......
........hhhg.)............
....P.PP..P.PPPP..PP..P...
.♣♣♣...♣♣♣...♣♣♣..P♣♣♣P...
♣P.. ♣...♣ ♣P..♣ ♣P.#.
♣P.P ♣..P♣♣♣P..♣♣♣....
..... .P..PPP...P..P...#
........................#
P.P.(P.P.P.P.P....P.PP..#


You could see 4 jackals and a goblin.

Vanquished Creatures
  A bat (D:1)
  A hobgoblin (D:1)
2 creatures vanquished.

Notes
Turn   | Place    | Note
-------+----------+-------------------------------------------
     0 | D:1      | Error4North the Draconian Wizard began the quest for the
                  | Orb.
     0 | D:1      | Reached XP level 1. HP: 14/14 MP: 4/4
    82 | D:1      | Slain by a jackal

Levels and vault maps discovered:
D:1:      lemuel_arrival_lava_pool, layout_rooms, minmay_misc_feat_iff,
          kennysheep_boxes

Action                   || total
-------------------------++-------
Melee: Unarmed           ||    21
       Tailslap          ||     1
 Cast: Magic Dart        ||     3
Armor: Skin              ||    10
Dodge: Dodged            ||    23

Table legend:
 A = Non-vault XP
 B = Vault XP
 C = Vault XP percentage of total XP
 D = Non-vault monster count
 E = Vault monster count
 F = Vault count percentage of total count
                 A         B        C        D         E       F
            +---------+---------+-------+---------+---------+-------
      Total |       4 |       0 |   0.0 |       2 |       0 |   0.0
            +---------+---------+-------+---------+---------+-------
        D:1 |       4 |       0 |   0.0 |       2 |       0 |   0.0
            +---------+---------+-------+---------+---------+-------
